 Dungeon Crawl Stone Soup version 0.31.0-12-g77e489cdc1 (webtiles) character file.

Game seed: 6654177669006923672

5249 PaiMei the Reanimator (level 10, 0/78 (82) HPs)
             Began as a Demonspawn Necromancer on Feb 21, 2024.
             Slain by a wight
             ... wielding a +4 great sword
              (18 damage)
             ... on level 9 of the Dungeon.
             The game lasted 00:28:12 (13350 turns).

PaiMei the Reanimator (Demonspawn Necromancer)     Turns: 13350, Time: 00:28:13

HP:   0/78 (82)     AC:  5    Str:  9    XL:     10   Next: 36%
MP:   30/30         EV: 18    Int: 23    God:
Gold: 434           SH:  0    Dex: 25    Spells: 10/23 levels left

rFire   . . .        A - +7 dagger of Untruth {venom, MP+9 Int+3}
rCold   . . .        (no shield)
rNeg    . . .        a - +0 robe
rPois   .            (helmet restricted)
rElec   .            E - +0 cloak
rCorr   .            (no gloves)
SInv    .            (no boots)
Will    .....        (no amulet)
Stlth   +++          D - +6 ring of dexterity
HPRegen 0.33/turn    n - +6 ring of dexterity
MPRegen 0.22/turn

%: no passive effects
@: lightly drained
A: antennae 1, rugged brown scales 2, foul stench 3
a: no special abilities


You were on level 9 of the Dungeon.
You visited 2 branches of the dungeon, and saw 10 of its levels.
You also visited: Bailey.

You collected 609 gold pieces.
You spent 175 gold pieces at shops.

Inventory:

Hand Weapons
 u - a +2 mace of draining
 A - the +7 dagger of Untruth (weapon) {venom, MP+9 Int+3}
   (You took it off a kobold on level 4 of the Dungeon)

   Int+3:     It affects your intelligence (+3).
   MP+9:      It affects your magic capacity (+9).
 I - the +3 hand axe "Xamuc" {venom, rC++ Str-2}
   (You found it on level 6 of the Dungeon)

   Str-2:     It affects your strength (-2).
   rC++:      It greatly protects you from cold.
 Q - a +2 orcbow of flaming
Missiles
 t - 8 poisoned darts (quivered)
 T - a throwing net
Armour
 a - a +0 robe (worn)
 s - a +2 scale mail of poison resistance
 E - a +0 cloak (worn)
 X - a +2 kite shield
Jewellery
 e - a ring of resist corrosion
 h - a +6 ring of strength
 n - a +6 ring of dexterity (right hand)
 p - a ring of protection from cold
 r - an amulet of guardian spirit
 D - a +6 ring of dexterity (left hand)
 G - a +6 ring of dexterity
 J - an amulet of the acrobat
 P - the ring of the Tsukumogami {Fire rN+}
   (You found it in a bailey)

   [ring of fire]

   Fire:      It enhances your fire magic.
   rF+:       It protects you from fire.
   rC-:       It makes you vulnerable to cold.
   rN+:       It protects you from negative energy.
 Z - a ring of flight
Wands
 S - a wand of iceblast (12)
 Y - a wand of mindburst (4)
Scrolls
 d - a scroll of silence {unknown}
 g - a scroll of brand weapon {unknown}
 k - 4 scrolls of immolation {unknown}
 l - 7 scrolls of identify {unknown}
 m - 2 scrolls of vulnerability {unknown}
 o - 5 scrolls of poison {unknown}
 v - 3 scrolls of teleportation
 y - a scroll of noise {unknown}
 z - a scroll of amnesia {unknown}
 B - a scroll of blinking
 C - 2 scrolls of fear
 H - a scroll of revelation {unknown}
 K - 2 scrolls of butterflies {unknown}
 L - 3 scrolls of fog {unknown}
 O - 2 scrolls of enchant weapon {unknown}
 R - a scroll of acquirement
 V - 2 scrolls of enchant armour {unknown}
Potions
 b - 2 potions of magic
 c - a potion of degeneration {unknown}
 f - 3 potions of berserk rage {unknown}
 i - a potion of curing
 q - 3 potions of might {unknown}
 w - 3 potions of heal wounds {unknown}
 x - a potion of mutation {unknown}
 F - a potion of lignification {unknown}
 M - a potion of resistance {unknown}
 N - 2 potions of cancellation {unknown}
 U - 2 potions of attraction {unknown}
 W - 2 potions of brilliance {unknown}


   Skills:
 + Level 7.6 Fighting
 + Level 7.3 Dodging
 - Level 2.0 Stealth
 + Level 7.3 Spellcasting
 + Level 9.5 Necromancy


You had 10 spell levels left.
You knew the following spells:

 Your Spells              Type           Power      Damage    Failure   Level
a - Necrotise             Necr           100%       1d9       1%          1
b - Vampiric Draining     Necr           51%        2d9       1%          3
c - Animate Dead          Necr           51%        N/A       1%          4
d - Curse of Agony        Necr           51%        N/A       4%          5

Your spell library contained the following spells:

 Spells                   Type           Power      Damage    Failure   Level
 Blink                    Tloc           16%        N/A       11%         2
 Lesser Beckoning         Tloc           16%        N/A       11%         2
 Momentum Strike          Conj/Tloc      16%        3d8       11%         2
 Tukima's Dance           Hex            8%         N/A       22%         3
 Passage of Golubria      Tloc           8%         N/A       58%         4
 Yara's Violent Unravell  Hex/Alch       4%         3d4       90%         5


Dungeon Overview and Level Annotations

Branches:
Dungeon (9/15)             Temple (1/1) D:5          Bailey (visited)
   Lair: D:8-11         Orc: D:9-12

Altars:
Cheibriados
Dithmenos
Fedhas
Makhleb
Nemelex Xobeh
Okawaru
Qazlal
Ru
Sif Muna
Trog
Uskayaw
Vehumet
Wu Jian
Xom
Yredelemnul

Shops:
D:2 !   D:5 =?([!

Annotations:
D:4 3 runed translucent doors, Zeo's ghost, novice BaHu


Innate Abilities, Weirdness & Mutations

You have a pair of small antennae on your head.
You are mostly covered in rugged brown scales. (AC +2, +5% HP)
You frequently emit foul miasma when damaged in melee.


Message History

A wight breaks down the door.
There is an open door here.
A wight comes into view. It is wielding a +4 great sword.
The wight hits you with a +4 great sword!!
You emit a cloud of foul miasma!
You hit the wight.
The wight is lightly damaged.
The wight completely misses you.
You hit the wight but do no damage.
The wight is lightly damaged.
The wight barely misses you.
You hit the wight but do no damage.
The wight is lightly damaged.
The wight closely misses you. The wight misses you.
You hit the wight.
The wight is moderately damaged.
The wight barely misses you.
The wight hits you with a +4 great sword!
You feel drained.
You barely miss the wight.
The wight is moderately damaged.
The wight barely misses you.
The wight hits you with a +4 great sword!
You hit the wight.
The wight is severely damaged.
The wight barely misses you. The wight closely misses you.
You hit the wight.
The wight is severely damaged.
The wight hits you with a +0 short sword!
The wight hits you with a +4 great sword!
* * * LOW HITPOINT WARNING * * *
You feel drained.
* * * LOW HITPOINT WARNING * * *
You emit a cloud of foul miasma!
You hit the wight but do no damage.
The wight is severely damaged.
The wight misses you. x2
The wight misses you.
The wight hits you with a +4 great sword!!
You die...

######## #......#######
#............########..
#............z.@.......
#.....########z.....#..
#.....#{.....#.........
#.....'......#......###
##.....#.....##......#
.......#..z..#.......#
.......#.....#.......#
.......#####z#........
#[...<.....[........


You could see 2 wights.

Vanquished Creatures
  2 two-headed ogres
  A hornet (D:8)
  Prince Ribbit (D:6)
  A yak (D:9)
  Eustachio (D:5)
  A vampire mosquito (D:7)
  Edmund (D:5)
  2 water moccasins (D:6)
  8 orc warriors
  A black bear (D:5)
  An ogre (D:6)
  3 centaurs (D:8)
  A phantom (D:5)
  Blork the orc (D:5)
  4 bullfrogs
  A gnoll sergeant (D:8)
  2 scorpions
  A bombardier beetle (D:5)
  2 hounds
  2 jellies
  Crazy Yiuf (D:5)
  2 gnoll boudas
  4 orc priests
  A sleepcap (D:5)
  Jessica (D:2)
  3 iguanas
  8 orc wizards
  A hound skeleton (D:3)
  Robin (D:1)
  9 adders
  19 gnolls
  3 white imps
  5 dart slugs
  3 ribbon worms
  32 orcs
  2 bats
  7 endoplasms
  2 giant cockroaches (D:4)
  15 goblins
  13 hobgoblins
  12 jackals
  4 quokkas
  5 ball pythons
  6 frilled lizards
  A jackal zombie (D:3)
  19 kobolds
  A quokka skeleton (D:3)
  4 rats
221 creatures vanquished.

Vanquished Creatures (collateral kills)
  2 gnolls (D:4)
  An adder (D:4)
  An adder zombie (D:3)
  A dart slug (D:3)
  A hobgoblin (D:2)
6 creatures vanquished.

Grand Total: 227 creatures vanquished

Notes
Turn   | Place    | Note
-------+----------+-------------------------------------------
     0 | D:1      | PaiMei the Demonspawn Necromancer began the quest for the
                  | Orb.
     0 | D:1      | Reached XP level 1. HP: 13/13 MP: 3/3
   202 | D:1      | Gained mutation: You may rarely emit foul miasma when
                  | damaged in melee. [demonic ancestry]
   202 | D:1      | Reached XP level 2. HP: 19/19 MP: 0/5
  1118 | D:1      | Gained mutation: You are partially covered in rugged brown
                  | scales. (AC +1, +3% HP) [demonic ancestry]
  1118 | D:1      | Reached XP level 3. HP: 20/25 MP: 3/6
  1122 | D:1      | Learned a level 3 spell: Vampiric Draining
  1770 | D:2      | Reached skill level 1 in Fighting
  2029 | D:2      | Found Cuthekk's Distillery.
  2032 | D:2      | Bought a potion of curing for 30 gold pieces
  2034 | D:2      | Noticed Robin
  2069 | D:1      | Killed Robin
  2070 | D:1      | Gained mutation: You sometimes emit foul miasma when
                  | damaged in melee. [demonic ancestry]
  2070 | D:1      | Reached XP level 4. HP: 17/32 MP: 0/7
  2489 | D:2      | Reached skill level 5 in Necromancy
  2533 | D:2      | Noticed Jessica
  2544 | D:2      | Killed Jessica
  2918 | D:2      | Reached XP level 5. HP: 36/39 MP: 3/9
  2969 | D:2      | Found a faded altar of an unknown god.
  3558 | D:3      | Found an iron altar of Okawaru.
  3775 | D:3      | Found a blossoming altar of Fedhas.
  4207 | D:3      | Found a burning altar of Makhleb.
  4390 | D:4      | Gained mutation: You are mostly covered in rugged brown
                  | scales. (AC +2, +5% HP) [demonic ancestry]
  4390 | D:4      | Reached XP level 6. HP: 36/48 MP: 3/11
  5087 | D:4      | Found a runed translucent gate.
  5087 | D:4      | Found a runed translucent gate.
  5087 | D:4      | Found a runed translucent gate.
  5087 | D:4      | Noticed Zeo's ghost (novice BaHu)
  5320 | D:4      | Identified the +7 dagger of Untruth {venom, MP+9 Int+3}
  5689 | D:4      | Found a shimmering blue altar of Sif Muna.
  5703 | D:4      | Reached skill level 6 in Necromancy
  5703 | D:4      | Gained mutation: You frequently emit foul miasma when
                  | damaged in melee. [demonic ancestry]
  5703 | D:4      | Reached XP level 7. HP: 53/54 MP: 12/12
  5771 | D:5      | Entered Level 5 of the Dungeon
  5771 | D:5      | Found Kadwagawk's Jewellery Shop.
  6170 | D:5      | Found Zurog's Magic Scroll Shop.
  6174 | D:5      | Noticed Eustachio
  6182 | D:5      | Killed Eustachio
  6252 | D:5      | Bought a scroll of teleportation for 30 gold pieces
  6252 | D:5      | Bought a scroll of blinking for 75 gold pieces
  6252 | D:5      | Bought a scroll of fear for 40 gold pieces
  6262 | D:5      | Found Safufeo's Weapon Emporium.
  6367 | D:5      | Found a staircase to the Ecumenical Temple.
  6379 | Temple   | Entered the Ecumenical Temple
  6395 | D:5      | Noticed Blork the orc
  6400 | D:5      | Found Luthruisodd's Distillery.
  6402 | D:5      | Killed Blork the orc
  6415 | D:5      | Gained mutation: You have a pair of small antennae on your
                  | head. [demonic ancestry]
  6415 | D:5      | Reached XP level 8. HP: 50/64 MP: 14/14
  6555 | D:5      | Found Uquegifu's Antique Armour Emporium.
  6765 | D:5      | Found a runed translucent door.
  6766 | D:5      | Noticed Crazy Yiuf
  6870 | D:5      | Killed Crazy Yiuf
  7095 | D:6      | Noticed Edmund
  7340 | D:5      | Killed Edmund
  7341 | D:5      | Reached skill level 7 in Necromancy
  7449 | D:6      | Reached skill level 5 in Spellcasting
  7476 | D:6      | Reached skill level 5 in Dodging
  7520 | D:6      | Reached skill level 5 in Fighting
  8169 | D:6      | Noticed Prince Ribbit
  8176 | D:6      | Killed Prince Ribbit
  8275 | D:6      | Identified the +3 hand axe "Xamuc" {venom, rC++ Str-2}
  8403 | D:7      | Found a flagged portal.
  8448 | D:7      | Reached XP level 9. HP: 71/72 MP: 17/17
  8532 | Bailey   | Entered a bailey
  8635 | Bailey   | Noticed an orc warlord
  8818 | Bailey   | Reached skill level 8 in Necromancy
  8988 | Bailey   | Found a runed translucent gate.
  8991 | Bailey   | Found a runed translucent gate.
  8992 | Bailey   | Found a runed translucent gate.
  9289 | Bailey   | Identified the ring of the Tsukumogami {Fire rN+}
  9942 | D:7      | Learned a level 4 spell: Animate Dead
  9948 | D:7      | Learned a level 5 spell: Curse of Agony
 11821 | D:8      | Noticed a two-headed ogre
 11835 | D:8      | Killed a two-headed ogre
 11836 | D:8      | Reached skill level 9 in Necromancy
 12177 | D:8      | Reached XP level 10. HP: 82/82 MP: 12/20
 12839 | D:9      | Found a snail-covered altar of Cheibriados.
 13053 | D:9      | Noticed a two-headed ogre
 13060 | D:9      | Killed a two-headed ogre
 13350 | D:9      | Slain by a wight

Illustrated notes

Levels and vault maps discovered:
D:1:      minmay_arrival_loop, layout_basic
D:2:      layout_rooms, shapermc_ecumenical_altar_notcrosses, serial_shops,
          nicolae_shop_tiny_real_fake_doors, uniq_jessica, uniq_robin
D:3:      layout_loops_ring, bloody_makhleb, nicolae_overflow_hidden_temple,
          serial_undead, serial_undead_e, serial_undead_b, serial_undead_b,
          serial_undead_a
D:4:      layout_loops_ring, kennysheep_orc_sif_temple,
          gammafunk_ghost_nasty_kobolds, serial_bayou_pond_b
D:5:      layout_loops_ring, minmay_temple_entry_glassed_door, serial_shops,
          shop, shop, shop, nicolae_shop_rolling_square,
          nicolae_shop_behind_doors, uniq_blork_the_orc, uniq_eustachio,
          uniq_crazy_yiuf_cottage
D:6:      layout_basic, uniq_edmund, uniq_prince_ribbit1
D:7:      layout_gridville, enter_bailey_6
D:8:      layout_basic
D:9:      layout_irregular_city, cheibrodos_worm_habitat, marbit_many_paths,
          lemuel_coloured_pillars_altar, uniq_gastronok, uniq_harold
Temple:   hellmonk_temple_two_chambers

Skill      XL: |  1  2  3  4  5  6  7  8  9 10 |
---------------+-------------------------------+-----
Stealth        | 2 |  2.0
Dodging        | 2 3 4 5 6 7 |  7.3
Fighting       | 1 2 3 4 5 7 |  7.6
Necromancy     | 5 6 7 9 |  9.5
Spellcasting   | 3 4 5 6 7 |  7.3

Action                     |  1- 3 |  4- 6 |  7- 9 | 10-12 || total
---------------------------+-------+-------+-------+-------++-------
  Melee: Unarmed           |    22 |       |       |       ||    22
         Dagger            |    33 |    50 |    84 |    16 ||   183
         Punch             |     2 |       |     1 |       ||     3
         Mace              |       |     2 |       |       ||     2
   Cast: Necrotise         |    74 |   161 |   167 |    20 ||   422
         Vampiric Draining |       |       |    74 |    22 ||    96
    Use: Scroll            |       |       |     1 |       ||     1
         Potion            |       |       |     1 |       ||     1
 Armour: Robe              |    45 |    80 |   131 |    20 ||   276
  Dodge: Dodged            |    65 |    89 |   232 |    43 ||   429
